 Dungeon Crawl Stone Soup version 0.25-a0-781-gc44aebf4fe (webtiles) character file.

Game seed: 9400557684397375260, levelgen mode: deterministic

184 Heliosone the Insei (level 5, -5/41 HPs)
             Began as a Merfolk Transmuter on Apr 16, 2020.
             Slain by an ogre
             ... wielding a +0 giant club
              (19 damage)
             ... on level 3 of the Dungeon.
             The game lasted 00:07:09 (2974 turns).

Heliosone the Insei (Merfolk Transmuter)            Turns: 2974, Time: 00:07:10

Health: -5/41      AC:  2    Str: 10    XL:     5   Next: 64%
Magic:  4/8        EV: 23    Int: 14    God:
Gold:   204        SH:  0    Dex: 19    Spells: 2/8 levels left

rFire    . . .     SeeInvis .     - Unarmed
rCold    . . .     Gourm    .   (shield currently unavailable)
rNeg     . . .     Faith    .   (armour currently unavailable)
rPois    x         Spirit   .   (helmet currently unavailable)
rElec    .         Reflect  .   (cloak currently unavailable)
rCorr    .         Harm     .   (gloves currently unavailable)
MR       .....                  (boots currently unavailable)
Stlth    ++........             (no amulet)
HPRegen  0.13/turn              (no ring)
MPRegen  0.11/turn              (no ring)

@: spider-form
A: tiny, (change form in water), (swift swim), (stealthy swim)
a: End Transformation


You were on level 3 of the Dungeon.
You were not hungry.
You were a venomous arachnid creature.
You visited 1 branch of the dungeon, and saw 4 of its levels.

You collected 204 gold pieces.

Inventory:

Missiles
 a - 36 arrows
Armour
 b - a +0 robe (melded)
 p - a +0 cloak (melded)
 t - a +0 hat (melded)
Jewellery
 f - a +4 ring of dexterity {unknown}
 l - an uncursed ring of ice {unknown}
Scrolls
 c - 3 scrolls of identify {unknown}
 g - a scroll of enchant weapon {unknown}
 h - a scroll of teleportation {unknown}
 i - 3 scrolls of remove curse {unknown}
 j - a scroll of immolation {unknown}
 k - 2 scrolls of magic mapping {unknown}
 n - a scroll of fog {unknown}
 q - a scroll of amnesia {unknown}
 r - a scroll of random uselessness {unknown}
Potions
 e - a potion of degeneration {unknown}
 m - 2 potions of flight {unknown}
 s - a potion of ambrosia {unknown}
Comestibles
 d - 3 rations


   Skills:
 + Level 3.0 Fighting
 + Level 4.2 Dodging
 + Level 4.3 Unarmed Combat
 - Level 2.0 Spellcasting
 - Level 4.2 Transmutations
 - Level 1.1 Poison Magic


You had 2 spell levels left.
You knew the following spells:

 Your Spells              Type           Power        Failure   Level  Hunger
a - Beastly Appendage     Tmut           ##....       13%         1    ##.....
b - Spider Form           Tmut/Pois      #.........   45%         3    ####...
c - Sticks to Snakes      Tmut           ##......     17%         2    ###....

Your spell library contained the following spells:

 Spells                   Type           Power        Failure   Level  Hunger
 Ice Form                 Ice/Tmut       #.......     86%         4    #####..
 Blade Hands              Tmut           ##........   89%         5    ######.


Dungeon Overview and Level Annotations

Branches:
Dungeon (4/15)
 Temple: D:4-7

Altars:
Makhleb

Annotations:
D:4 Grinder


Message History

You can move again.
There is a stone staircase leading up here.
The ogre misses you.
You climb upwards.
Your transformation has ended.
Your +0 cloak unmelds from your body.
Your +0 hat unmelds from your body.
Your +0 robe unmelds from your body.
There is a stone staircase leading down here.
The ogre closely misses you.
There is an open door here.
Things that are here:
a +0 club; a +0 whip; a +0 flail
Casting: Spider Form (slightly dangerous; 24% risk of failure)
Confirm with . or Enter, or press ? or * to list all spells.
You turn into a venomous arachnid creature.
Your +0 cloak melds into your body.
Your +0 hat melds into your body.
Your +0 robe melds into your body.
You completely miss the ogre.
The ogre hits you with a +0 giant club!!
You die...

####.#...#.#........#
#. #.#.#.#.########.#
#. #.#.#.>...# #.# #.
#.#.###.#.######.## ##
#.#.# #.#.##......#
#.#.###.#.##......#
#.#........#....(.####
#.######...#......#...
#....sO'...#......#.##
########...#..........
#...######....# #...#
#....# #...# #....#
#...# #....# #####
#....# #)...# ######


You could see an ogre.

Vanquished Creatures
  A scorpion (D:4)
  An orc wizard (D:3)
  3 gnolls (D:3)
  An adder (D:3)
  An ooze (D:3)
  A dart slug (D:1)
  2 leopard geckos
  5 orcs (D:3)
  7 bats
  11 goblins
  8 hobgoblins
  5 frilled lizards
  8 kobolds
  9 rats
63 creatures vanquished.

Notes
Turn   | Place    | Note
-------+----------+-------------------------------------------
     0 | D:1      | Heliosone the Merfolk Transmuter began the quest for the
                  | Orb.
     0 | D:1      | Reached XP level 1. HP: 15/15 MP: 3/3
    57 | D:1      | Reached XP level 2. HP: 13/21 MP: 3/5
   617 | D:1      | Reached XP level 3. HP: 20/26 MP: 4/6
   648 | D:1      | Learned a level 3 spell: Spider Form
  1408 | D:2      | Reached skill level 1 in Poison Magic
  2045 | D:3      | Found a burning altar of Makhleb.
  2364 | D:3      | Reached XP level 4. HP: 33/33 MP: 5/7
  2641 | D:3      | Learned a level 2 spell: Sticks to Snakes
  2700 | D:3      | Reached XP level 5. HP: 39/39 MP: 1/8
  2944 | D:4      | Noticed Grinder
  2947 | D:4      | Noticed an ogre
  2952 | D:4      | Paralysed by Grinder for 6 turns
  2974 | D:3      | Slain by an ogre

Levels and vault maps discovered:
D:1:      saegor_arrival_simple_a, layout_basic
D:2:      layout_loops_ring
D:3:      layout_basic, lemuel_doored_altar
D:4:      layout_basic, serial_shops, nicolae_shop_statue_plus, uniq_grinder,
          uniq_menkaure

Skill      XL: |  1  2  3  4  5 |
---------------+----------------+-----
Transmutations | 3 4 |  4.2
Dodging        | 3 4 |  4.2
Poison Magic   | 1 |  1.1
Fighting       | 2 3 |  3.0
Unarmed Combat | 4 |  4.3
Spellcasting   | |  2.0

Action                   |  1- 3 |  4- 6 || total
-------------------------+-------+-------++-------
Melee: Unarmed           |   147 |    33 ||   180
       Headbutt          |    14 |       ||    14
       Punch             |     3 |       ||     3
 Cast: Beastly Appendage |    30 |     3 ||    33
       Spider Form       |       |     6 ||     6
  Eat: Chunk             |     4 |     4 ||     8
Armor: Robe              |    26 |       ||    26
Dodge: Dodged            |   110 |    24 ||   134

Table legend:
 A = Non-vault XP
 B = Vault XP
 C = Vault XP percentage of total XP
 D = Non-vault monster count
 E = Vault monster count
 F = Vault count percentage of total count
                 A         B        C        D         E       F
            +---------+---------+-------+---------+---------+-------
      Total |     264 |       0 |   0.0 |      63 |       0 |   0.0
            +---------+---------+-------+---------+---------+-------
        D:1 |      42 |       0 |   0.0 |      26 |       0 |   0.0
        D:2 |      24 |       0 |   0.0 |      17 |       0 |   0.0
        D:3 |     135 |       0 |   0.0 |      19 |       0 |   0.0
        D:4 |      63 |       0 |   0.0 |       1 |       0 |   0.0
            +---------+---------+-------+---------+---------+-------
